 Dungeon Crawl Stone Soup version 0.21.1-1-g345015f (console) character file.

1732 erker the Changer (level 9, -9/63 HPs)
             Began as an Octopode Transmuter on Apr 9, 2018.
             Was a Priest of Cheibriados.
             Mangled by an orc warrior
             ... wielding a +0 glaive
              (29 damage)
             ... on level 8 of the Dungeon.
             The game lasted 00:37:17 (7063 turns).

erker the Changer (Octopode Transmuter)             Turns: 7063, Time: 00:37:19

Health: -9/63      AC:  8    Str: 18    XL:     9   Next: 5%
Magic:  11/16      EV: 12    Int: 26    God:    Cheibriados [***...]
Gold:   131        SH:  0    Dex: 22    Spells: 8/18 levels left

rFire    x x .     SeeInvis .     - Unarmed
rCold    + + +     Gourm    .   (shield currently unavailable)
rNeg     . . .     Faith    +   (helmet currently unavailable)
rPois    +         Spirit   .   j - amulet of faith
rElec    .         Reflect  .   m - +2 ring of dexterity
rCorr    .         Harm     .   y - ring of poison resistance
MR       .....                  o - ring of ice
Stlth    +++.......             (no ring)
HPRegen  0.20/turn              (no ring)
MPRegen  0.15/turn              (no ring)
                                (no ring)
                                (no ring)

@: ice-form, very slow
A: large, almost no armour, stealthy swim, amphibious, 8 rings, (constrict 8)
a: End Transformation, Bend Time, Temporal Distortion, Renounce Religion


You were on level 8 of the Dungeon.
You worshipped Cheibriados.
Cheibriados was most pleased with you.
You were not hungry.
You were a creature of crystalline ice.
You visited 2 branches of the dungeon, and saw 9 of its levels.
You also visited: Sewer.

You collected 411 gold pieces.
You spent 280 gold pieces at shops.

Inventory:

Missiles
 a - 54 arrows
 e - 19 bolts
 f - 3 javelins of returning (quivered)
 g - 41 poisoned needles
 i - 5 needles of confusion
 N - 7 tomahawks
Armour
 w - a +1 hat (melded)
 B - a +0 buckler
Jewellery
 j - an amulet of faith (around neck)
 m - a +2 ring of dexterity (left front paw)
 o - a ring of ice (on tentacle)
 s - an uncursed amulet of the gourmand
 y - a ring of poison resistance (right front paw)
Wands
 p - a wand of clouds (1)
Scrolls
 d - 4 scrolls of remove curse {unknown}
 h - a scroll of fog {unknown}
 k - 2 scrolls of immolation {unknown}
 n - 2 scrolls of enchant armour {unknown}
 r - 2 scrolls of identify
 x - 8 scrolls of teleportation
 E - 3 scrolls of magic mapping
 F - a scroll of blinking
 J - a scroll of amnesia {unknown}
 K - a scroll of noise {unknown}
Potions
 l - a potion of ambrosia
 q - a potion of magic
 t - 3 potions of flight
 u - a potion of agility
 v - 4 potions of degeneration
 z - 4 potions of might
 A - a potion of brilliance {unknown}
 C - 4 potions of heal wounds
 D - a potion of curing
 G - a potion of resistance {unknown}
 H - a potion of cancellation {unknown}
 L - a potion of mutation {unknown}
 M - a potion of berserk rage {unknown}
Books
 b - a book of Changes

   Spells                             Type                      Level
   a - Beastly Appendage              Transmutation                1
   b - Sticks to Snakes               Transmutation                2
   c - Spider Form                    Transmutation/Poison         3
   d - Ice Form                       Ice/Transmutation            4
   e - Blade Hands                    Transmutation                5
Comestibles
 c - 11 rations
 I - 2 chunks of flesh


   Skills:
 + Level 1.4 Fighting
 + Level 3.4 Dodging
 + Level 4.2 Stealth
 - Level 5.0 Unarmed Combat
 + Level 5.2 Spellcasting
 * Level 6.0 Transmutations
 + Level 3.3 Ice Magic
 - Level 2.0 Poison Magic
 * Level 3.0 Invocations


You had 8 spell levels left.
You knew the following spells:

 Your Spells              Type           Power        Failure   Level  Hunger
a - Beastly Appendage     Tmut           #####.       1%          1    None
s - Spider Form           Tmut/Pois      ####......   4%          3    #......
t - Sticks to Snakes      Tmut           #####...     1%          2    None
y - Ice Form              Ice/Tmut       #####...     11%         4    ###....


Dungeon Overview and Level Annotations

Branches:
Dungeon (8/15)             Temple (1/1) D:4
   Lair: D:8-11

Altars:
Ashenzari
Cheibriados
Dithmenos
Elyvilon
Fedhas
Gozag
Hepliaklqana
Kikubaaqudgha
Makhleb
Nemelex Xobeh
Okawaru
Qazlal
Ru
Sif Muna
Trog
Uskayaw
Vehumet
Wu Jian
Xom
Yredelemnul
Zin
The Shining One

Shops:
D:5 !   D:6 !(=*?

Annotations:
D:3 2 transporters, Sigmund
D:4 1 exclusion


Innate Abilities, Weirdness & Mutations

You cannot wear most types of armour.
You are very stealthy in the water. (Stealth+)
You are amphibious.
You can wear up to eight rings at the same time.
((You can use your tentacles to constrict eight enemies at once.))
((Your skin changes colour to match your surroundings (Stealth+).))
((Your rubbery body absorbs attacks. (AC +1, EV +1)))


Message History

The orc warrior hits you with a glaive!
You hit the wyvern skeleton.
You destroy the wyvern skeleton!
Cheibriados appreciates the change of pace.
Your Invocations skill increases to level 3!
Your adder closely misses the orc warrior.
You hit the orc warrior. You freeze the orc warrior.
The orc warrior is lightly wounded.
Your adder bites the orc warrior but does no damage.
The orc warrior hits you with a glaive!
Your ball python bites the orc warrior.
Your ball python grabs the orc warrior.
Your ball python constricts the orc warrior.
You are too injured to fight recklessly!
You are too injured to fight recklessly!
Your adder bites the orc warrior but does no damage.
Your water moccasin bites the orc warrior!
Your ball python bites the orc warrior but does no damage.
Your ball python constricts the orc warrior.
The orc warrior hits you from afar with a glaive!!
You die...

...#. .#
#....#.#
#.#..#.#
##....#.##
........
#.....###
#....S..#
#..#YSo.#.#
#..... #.##
.. ###


You could see an orc warrior, a friendly water moccasin, a friendly adder and a
friendly ball python.

Vanquished Creatures
  An orc warrior (D:7)
  A sky beast (D:8)
  A black bear (D:7)
  A centaur (D:6)
  2 bullfrogs
  A wyvern skeleton (D:8)
  2 scorpions
  A howler monkey (D:6)
  A bullfrog zombie (D:5)
  A centaur zombie (D:7)
  2 hounds
  2 jellies
  A centaur skeleton (D:4)
  2 orc priests
  Crazy Yiuf (D:2)
  2 bullfrog skeletons
  6 worker ants
  An iguana (D:7)
  Natasha (thrice) (D:2)
  An orc wizard (D:7)
  2 hound skeletons
  Robin (D:3)
  5 adders
  4 shadow imps
  4 oozes (Sewer)
  An adder skeleton (D:4)
  3 worms (Sewer)
  A dart slug (D:1)
  3 leopard geckos
  24 orcs
  6 giant cockroaches
  17 goblins
  6 hobgoblins
  19 jackals
  2 quokkas
  5 ball pythons
  12 bats
  4 frilled lizards
  A giant cockroach zombie (D:5)
  2 jackal skeletons (D:4)
  7 kobolds
  A quokka skeleton (D:4)
  2 rats (D:1)
  A fungus (D:2)
166 creatures vanquished.

Vanquished Creatures (collateral kills)
  An orc warrior (D:5)
  An ogre (D:5)
  An orc (D:5)
3 creatures vanquished.

Vanquished Creatures (others)
  A fungus (D:8)
  A plant (D:8)
2 creatures vanquished.

Grand Total: 171 creatures vanquished

Notes
Turn   | Place    | Note
-------+----------+-------------------------------------------
     0 | D:1      | erker the Octopode Transmuter began the quest for the Orb.
     0 | D:1      | Reached XP level 1. HP: 13/13 MP: 3/3
   127 | D:1      | Reached XP level 2. HP: 15/18 MP: 5/5
   131 | D:1      | Learned a level 2 spell: Sticks to Snakes
   482 | D:1      | Reached XP level 3. HP: 17/23 MP: 6/6
   492 | D:1      | Learned a level 3 spell: Spider Form
   823 | D:2      | Noticed Natasha
   827 | D:2      | Reached skill level 3 in Transmutations
   830 | D:2      | Killed Natasha
   830 | D:2      | Reached skill level 1 in Poison Magic
   830 | D:2      | Reached XP level 4. HP: 18/28 MP: 3/8
  1396 | D:2      | Noticed Natasha
  1404 | D:2      | Killed Natasha
  1598 | D:2      | Noticed Natasha
  1603 | D:2      | Killed Natasha
  1603 | D:2      | Reached XP level 5. HP: 18/33 MP: 5/9
  1747 | D:2      | Learned a level 4 spell: Ice Form
  1790 | D:2      | Found a runed door.
  1794 | D:2      | Noticed Crazy Yiuf
  1810 | D:2      | Killed Crazy Yiuf
  1856 | D:3      | Noticed Sigmund
  1919 | D:3      | Noticed Robin
  1956 | D:3      | Killed Robin
  1956 | D:3      | Reached skill level 4 in Transmutations
  2120 | D:3      | Found a transporter.
  2130 | D:3      | Noticed a kobold demonologist
  2136 | D:3      | Found a transporter.
  2266 | D:4      | Found a staircase to the Ecumenical Temple.
  2315 | D:4      | Found a glowing drain.
  2412 | Sewer    | Entered a sewer
  2611 | Sewer    | Reached XP level 6. HP: 38/38 MP: 7/11
  2639 | Sewer    | Reached skill level 1 in Ice Magic
  3055 | Temple   | Entered the Ecumenical Temple
  3374 | Temple   | Became a worshipper of Cheibriados the Contemplative
  3877 | D:4      | Found a sparkling altar of Nemelex Xobeh.
  4178 | D:4      | Reached XP level 7. HP: 43/43 MP: 7/13
  4423 | D:5      | Entered Level 5 of the Dungeon
  4423 | D:5      | Found Attumn's Distillery.
  4438 | D:5      | Bought a potion of curing for 33 gold pieces
  4438 | D:5      | Bought a potion of heal wounds for 55 gold pieces
  4536 | D:5      | Reached * piety under Cheibriados
  4536 | D:5      | Reached skill level 5 in Transmutations
  4781 | D:5      | Reached skill level 1 in Stealth
  4798 | D:5      | Found a stormy altar of Qazlal.
  5009 | D:5      | Reached skill level 1 in Invocations
  5404 | D:6      | Found Taoffuv's Magic Scroll Boutique.
  5412 | D:6      | Bought a scroll of identify for 24 gold pieces
  5412 | D:6      | Bought a scroll of magic mapping for 42 gold pieces
  5412 | D:6      | Bought a scroll of blinking for 90 gold pieces
  5412 | D:6      | Bought a scroll of teleportation for 36 gold pieces
  5456 | D:6      | Reached ** piety under Cheibriados
  5456 | D:6      | Reached XP level 8. HP: 31/48 MP: 11/14
  5471 | D:6      | Found Bus Ruos's Assorted Antiques.
  5513 | D:6      | Found Ylad's Antique Weapon Shoppe.
  5524 | D:6      | Found Meploune's Distillery.
  5527 | D:6      | Found Igrowink's Jewellery Emporium.
  5691 | D:6      | Reached skill level 5 in Spellcasting
  5998 | D:7      | Found a glowing golden altar of the Shining One.
  6273 | D:7      | Reached *** piety under Cheibriados
  6707 | D:7      | Reached skill level 5 in Unarmed Combat
  6872 | D:8      | Reached XP level 9. HP: 53/53 MP: 11/16
  6873 | D:8      | Noticed a two-headed ogre
  6942 | D:7      | Reached skill level 6 in Transmutations
  7063 | D:8      | Mangled by an orc warrior

Skill      XL: |  1  2  3  4  5  6  7  8  9 |
---------------+----------------------------+-----
Transmutations | 3 4 5 6 |  6.0
Poison Magic   | 1 2 |  2.0
Spellcasting   | 3 4 5 |  5.2
Ice Magic      | 1 2 3 |  3.3
Stealth        | 1 4 |  4.2
Unarmed Combat | 4 5 |  5.0
Invocations    | 1 2 3 |  3.0
Dodging        | 3 |  3.4
Fighting       | |  1.4

Action                   |  1- 3 |  4- 6 |  7- 9 || total
-------------------------+-------+-------+-------++-------
Melee: Unarmed           |    64 |   183 |   175 ||   422
       Constrict         |    15 |    19 |    13 ||    47
       Tentacles         |     8 |    22 |    14 ||    44
       Punch             |     1 |     1 |     2 ||     4
       Kick              |       |     2 |       ||     2
Throw: Javelin           |       |     6 |     3 ||     9
 Cast: Beastly Appendage |     2 |     2 |     1 ||     5
       Spider Form       |     2 |    15 |     6 ||    23
       Sticks to Snakes  |       |     5 |    11 ||    16
       Ice Form          |       |     2 |    12 ||    14
Evoke: Wand              |       |       |     1 ||     1
  Use: Scroll            |       |       |     6 ||     6
 Stab: Sleeping          |     9 |     4 |     9 ||    22
       Distracted        |     1 |     2 |     3 ||     6
  Eat: Chunk             |       |    10 |     8 ||    18
       Ration            |       |     1 |       ||     1
Armor: Skin              |     9 |    17 |    23 ||    49
Dodge: Dodged            |    51 |   106 |   119 ||   276
